 Dungeon Crawl Stone Soup version 0.29-a0-384-g6960b1960d (webtiles) character file.

Game seed: 3922064463424253802

29 Hubjo the Firebug (level 3, -1/20 HPs)
             Began as a Deep Elf Fire Elementalist on May 6, 2022.
             Frozen to death by an endoplasm (5 damage)
             ... on level 1 of the Dungeon.
             The game lasted 00:01:43 (2035 turns).

Hubjo the Firebug (Deep Elf Fire Elementalist)      Turns: 2035, Time: 00:01:43

Health: -1/20      AC:  2    Str:  5    XL:     3   Next: 1%
Magic:  7/9        EV: 13    Int: 19    God:
Gold:   13         SH:  0    Dex: 17    Spells: 7/8 levels left

rFire   . . .      SeeInvis .   (no weapon)
rCold   . . .      Faith    .   (no shield)
rNeg    . . .      Spirit   .   a - +0 robe
rPois   .          Reflect  .   (no helmet)
rElec   .          Harm     .   (no cloak)
rCorr   .          Rampage  .   (no gloves)
Will    .....                   (no boots)
Stlth   ++........              (no amulet)
HPRegen 0.06/turn               (no ring)
MPRegen 0.11/turn               (no ring)

@: no status effects
A: no striking features
a: no special abilities


You were on level 1 of the Dungeon.
You visited 1 branch of the dungeon, and saw 2 of its levels.

You collected 13 gold pieces.

Inventory:

Armour
 a - a +0 robe (worn)
Scrolls
 c - 2 scrolls of enchant armour {unknown}
 d - a scroll of vulnerability {unknown}
 e - a scroll of enchant weapon {unknown}
 f - a scroll of identify {unknown}
Potions
 b - a potion of magic


   Skills:
 * Level 1.2 Fighting
 - Level 2.4 Dodging
 + Level 2.9 Stealth
 + Level 3.4 Spellcasting
 - Level 1.1 Conjurations
 + Level 3.5 Fire Magic


You had 7 spell levels left.
You knew the following spells:

 Your Spells              Type           Power      Damage    Failure   Level
a - Foxfire               Conj/Fire      48%        2x1d6     5%          1

Your spell library contained the following spells:

 Spells                   Type           Power      Damage    Failure   Level
 Scorch                   Fire           32%        2d6       4%          2
 Conjure Flame            Conj/Fire      12%        6-21      17%         3
 Inner Flame              Hex/Fire       10%        N/A       22%         3
 Flame Wave               Conj/Fire      12%        2d6       50%         4


Dungeon Overview and Level Annotations

Branches:
Dungeon (2/15)

Altars:


Message History

You conjure some foxfire!
The endoplasm quivers.
You conjure some foxfire!
The foxfire hits the kobold.
The kobold is severely wounded.
The kobold shouts!
The foxfire hits the kobold.
You kill the kobold!
The endoplasm hits you.
You conjure some foxfire!
The endoplasm closely misses you.
A goblin comes into view. It is wielding a +0 dagger.
There is not enough space to conjure foxfire!
The foxfire hits the endoplasm but does no damage.
The endoplasm freezes you.
You are frozen.
An endoplasm comes into view.
The endoplasm freezes you.
You are frozen.
You are too injured to fight recklessly!
You are too injured to fight recklessly!
The endoplasm freezes you.
You are frozen.
The endoplasm hits you.
* * * LOW HITPOINT WARNING * * *
The endoplasm attacks as you move away! The endoplasm misses you.
The endoplasm misses you.
A ball python comes into view.
The endoplasm attacks as you move away! The endoplasm barely misses you.
There is a stone staircase leading up here.
The endoplasm hits you.
* * * LOW HITPOINT WARNING * * *
You climb upwards.
There is a stone staircase leading down here.
You are too injured to fight recklessly!
Unknown command.
Casting: Foxfire (safe; 5% risk of failure)
Confirm with . or Enter, or press ? or * to list all spells.
You conjure some foxfire!
The endoplasm freezes you.
You are frozen.
You die...

#.#.#####.# #.)...
######.#.##....# #.####
#........†#.#### #.####
#.####.####.######.#...
#.####.#.(..#....#.#.##
#.#............#.#.....
#.#........##..#.###.##
#.#..8v8.......#.......
#)#..J@v...###.########
#....8.8...............
###........)...####..##
#.......######.......
#.#....## #.##.###
#....#.#######.......
######..........#.##.
#.########.#.##. ###
#.#.##.


You could see an endoplasm (ally target).

Vanquished Creatures
  3 ball pythons (D:1)
  2 endoplasms (D:1)
  A giant cockroach (D:1)
  2 goblins (D:1)
  6 hobgoblins (D:1)
  2 quokkas (D:1)
  A bat (D:1)
  A frilled lizard (D:1)
  5 kobolds
  3 rats (D:1)
26 creatures vanquished.

Vanquished Creatures (others)
  141 foxfires
141 creatures vanquished.

Grand Total: 167 creatures vanquished

Notes
Turn   | Place    | Note
-------+----------+-------------------------------------------
     0 | D:1      | Hubjo the Deep Elf Fire Elementalist began the quest for
                  | the Orb.
     0 | D:1      | Reached XP level 1. HP: 10/10 MP: 6/6
   313 | D:1      | Reached XP level 2. HP: 12/16 MP: 0/8
   679 | D:1      | Reached skill level 1 in Fighting
  1565 | D:1      | Reached XP level 3. HP: 20/20 MP: 5/9
  2035 | D:1      | Frozen to death by an endoplasm

Illustrated notes

Levels and vault maps discovered:
D:1:      dpeg_arrival_signposts, layout_basic, st_stairs_14
D:2:      layout_rooms, dreamdust_ecumenical_altar_hidden_monk_grotto,
          minmay_misc_feat_columns, st_stairs_14, hangedman_glass_garden,
          minmay_tetromino_t2

Skill      XL: |  1  2 |
---------------+-------+-----
Fighting       | 1 |  1.2
Dodging        | |  2.4
Stealth        | |  2.9
Spellcasting   | |  3.4
Conjurations   | |  1.1
Fire Magic     | |  3.5

Action                   || total
-------------------------++-------
Melee: Unarmed           ||     1
 Cast: Foxfire           ||    87
Dodge: Dodged            ||    12

Table legend: (Time is in decaauts)
 A = Elapsed time spent in this place.
 B = Non-inter-level travel time spent in this place.
 C = Inter-level travel time spent in this place.
 D = Time resting spent in this place.
 E = Time spent auto-exploring this place.
 F = Levels seen in this place.
 G = Mean time per level.
                   A        B        C        D        E       F      G
               +--------+--------+--------+--------+--------+-----+--------+
         Total |   2035 |   1960 |     75 |      0 |   1706 |   2 | 1017.5 |
       Dungeon |   2035 |   1960 |     75 |      0 |   1706 |   2 | 1017.5 |
               +--------+--------+--------+--------+--------+-----+--------+

Top non-repeatable levels by time:
     D:1: 2009 daAuts
     D:2: 25 daAuts
